Admirals NSH vs Wolves

Created - Thursday, March 17, 2016 at 02:44

Goals
1 2 3 T
Admirals NSH 0 1 2 3
Wolves 0 0 1 1
Shots
1 2 3 T
Admirals NSH 6 12 10 28
Wolves 8 5 9 22

1st period

No Goal

Penalties :
Eric Baier (CHI) for Fighting (Major) at 2:27, Andrew Desjardins (MIL) for Fighting (Major) at 2:27, Andrew Desjardins (MIL) for instigated a fight (Minor) at 2:27, Andrew Desjardins (MIL) for instigated a fight (10 Minutes Misconduct) at 2:27, Joe Piskula (CHI) for Fighting (Major) at 5:17, Brad Winchester (MIL) for Fighting (Major) at 5:17, Michael Pelech (MIL) for Hooking (Minor) at 6:46, Ryan Reaves (CHI) for Roughing (Minor) at 10:43

2nd period

1. Admirals NSH , Mike Blunden 12 (Nikita Nesterov, Tim Gleason) at 11:31

Penalties :
Ryan Reaves (CHI) for Fighting (Major) at 1:48, Frazer McLaren (MIL) for Fighting (Major) at 1:48, Colton Sissons (CHI) for Fighting (Major) at 1:51, Pierre-Cedric Labrie (MIL) for Fighting (Major) at 1:51, Joe Piskula (CHI) for Fighting (Major) at 3:08, Mike Blunden (MIL) for Fighting (Major) at 3:08, Joe Piskula (CHI) for Fighting (Major / Game Misconduct) at 10:22, Andrew Desjardins (MIL) for Fighting (Major) at 10:22, Chris Brown (CHI) for Fighting (Major) at 11:50, Brad Winchester (MIL) for Fighting (Major) at 11:50, Ryan Reaves (CHI) for Fighting (Major) at 12:05, Frazer McLaren (MIL) for Fighting (Major) at 12:05, Josh Anderson (CHI) for Hooking (Minor) at 14:31

3rd period

2. Admirals NSH , Nikita Nesterov 31 (Brody Sutter) at 7:54 (PP)
3. Wolves , Scott Kosmachuk 2 (Joe Vitale, Matt Donovan) at 12:43 (SH)
4. Admirals NSH , Mike Blunden 13 (Tim Gleason) at 19:17 (PP)

Penalties :
Kevin Lynch (CHI) for Fighting (Major) at 2:42, Andrew Desjardins (MIL) for Fighting (Major / Game Misconduct) at 2:42, Ryan Reaves (CHI) for Fighting (Major / Game Misconduct) at 2:50, Frazer McLaren (MIL) for Fighting (Major / Game Misconduct) at 2:50, Joe Whitney (CHI) for Hooking (Minor) at 6:37, Josh Anderson (CHI) for Roughing (Double Minor) at 9:32, Paul Bissonnette (MIL) for Holding (Minor) at 15:49, Zach Miskovic (CHI) for Holding (Minor) at 19:03

Goalie Stats

Chad Johnson (MIL), 21 saves from 22 shots - (0.955), W, 32-10-9, 60:00 minutes
Evgeni Nabokov (CHI), 25 saves from 28 shots - (0.893), L, 31-9-9, 60:00 minutes

Players Stats for Admirals NSH

Player Name              G  A  P  +/- PIM S  H  SB GA TA FO     MP     PP MP  PK MP  
------------------------------------------------------------------------------------
Allan McPherson          0  0  0   1  0   0  2  0  0  0  8/15   20:38   3:31   3:02 
Andrew Desjardins        0  0  0   0  37  1  1  1  3  1  1/3    10:40   0:53   0:00 
Brad Winchester          0  0  0  -1  10  1  3  0  0  1  6/11   17:52   3:32   0:46 
Brody Sutter             0  1  1   1  0   1  2  0  2  0  2/2    19:37   4:44   2:29 
Cameron Schilling        0  0  0   0  0   0  1  2  1  0  0/0     8:20   0:00   0:00 
Frazer McLaren           0  0  0   0  25  0  2  0  0  0  3/3    10:38   0:00   0:04 
Frederic St. Denis       0  0  0   0  0   0  1  1  0  1  0/0    17:24   0:00   3:15 
Fredrik Claesson         0  0  0   1  0   0  0  0  0  1  0/0    20:23   3:18   3:15 
Jamie Wise               0  0  0   0  0   0  1  0  0  0  2/4     8:22   0:00   0:00 
Michael Pelech           0  0  0  -1  2   1  2  0  1  0  1/1    18:13   3:30   0:00 
Mike Blunden             2  0  2   1  5   5  4  1  3  0  0/1    20:40   4:33   3:23 
Nikita Nesterov          1  1  2   1  0   5  0  1  1  2  0/0    16:41   3:18   0:00 
Oliver Lauridsen         0  0  0   0  0   3  0  0  1  2  0/0    13:42   0:00   0:00 
Paul Bissonnette         0  0  0   0  2   0  0  0  2  0  0/1    17:22   0:40   1:21 
Pierre-Cedric Labrie     0  0  0   0  5   1  1  0  1  1  0/0    13:08   3:12   0:30 
Tim Gleason              0  2  2  -1  0   4  2  2  1  1  0/0    25:54   5:20   2:42 
Victor Bartley           0  0  0  -1  0   2  0  2  2  0  0/0    17:34   5:20   2:42 
Wade Megan               0  0  0  -1  0   4  0  0  2  0  6/12   16:45   1:19   0:26 

Players Stats for Wolves

Player Name              G  A  P  +/- PIM S  H  SB GA TA FO     MP     PP MP  PK MP  
------------------------------------------------------------------------------------
Andre Benoit             0  0  0  -1  0   2  2  2  1  0  0/0    27:47   2:46   3:12 
Blair Jones              0  0  0   0  0   4  3  0  2  1  2/4    20:47   3:13   3:58 
Brian O'Neill            0  0  0  -1  0   0  3  0  2  0  0/0    15:43   2:44   0:16 
Chris Brown              0  0  0   0  5   0  2  1  0  1  3/8    14:30   0:28   0:00 
Colton Sissons           0  0  0  -1  5   3  3  0  0  0  1/4    15:21   3:04   0:48 
Eric Baier               0  0  0   0  5   1  0  0  0  0  0/0     5:59   0:48   1:26 
Evan Rankin              0  0  0   0  0   2  0  0  3  0  1/2    14:29   0:25   0:02 
Joe Piskula              0  0  0   0  25  0  1  1  0  1  0/0     9:19   0:41   1:26 
Joe Vitale               0  1  1   1  0   2  3  2  0  3  13/24  21:17   3:13   6:04 
Joe Whitney              0  0  0  -1  2   0  1  0  2  0  0/0    17:13   2:44   1:40 
Josh Anderson            0  0  0   0  6   2  2  0  0  0  0/1    10:57   0:00   0:00 
Kevin Gagne              0  0  0   0  0   1  2  0  0  0  0/0    23:55   3:15   2:18 
Kevin Lynch              0  0  0   0  5   0  1  0  0  0  3/7     9:17   0:00   0:13 
Matt Donovan             0  1  1   0  0   1  1  1  0  1  0/0    29:45   3:45   4:54 
Ryan Reaves              0  0  0   0  27  1  1  0  2  0  1/2     9:08   2:00   0:00 
Scott Kosmachuk          1  0  1   1  0   3  0  1  2  1  0/1    14:28   0:00   4:30 
Sebastian Wannstrom      0  0  0   0  0   0  1  0  0  1  0/0    10:21   0:00   0:00 
Zach Miskovic            0  0  0   1  2   0  1  2  0  2  0/0    21:01   0:39   4:00 

3 Stars

1 - Nikita Nesterov (MIL)
2 - Mike Blunden (MIL)
3 - Chad Johnson (MIL)

Power Play

Admirals NSH - 2 on 6 Attempt(s) - 33.33%
Wolves - 0 on 3 Attempt(s) - 0.00%

Penalty Kill

Admirals NSH - 3 on 3 Attempt(s) - 100.00% - Score 0 goal in Penalty Kill
Wolves - 4 on 6 Attempt(s) - 66.67% - Score 1 goal in Penalty Kill

Team Stat

Admirals NSH - Hits : 22 - Faceoff Wins : 29 - Blocked Shots : 10 - Penalty Minutes : 86
Wolves - Hits : 27 - Faceoff Wins : 24 - Blocked Shots : 10 - Penalty Minutes : 82

Official

Referees : Unknown
Linesman : Unknown

Game Notes

Andrew Desjardins beats up Eric Baier at 2:27 of 1st period
Brad Winchester beats up Joe Piskula at 5:17 of 1st period
Eric Baier is injured at 1:13 of 2nd period (Left Hip)
Ryan Reaves and Frazer McLaren fight to a draw at 1:48 of 2nd period
Colton Sissons and Pierre-Cedric Labrie fight to a draw at 1:51 of 2nd period
Joe Piskula and Mike Blunden fight to a draw at 3:08 of 2nd period
Joe Piskula and Andrew Desjardins fight to a draw at 10:22 of 2nd period
Joe Piskula ejected from game at 10:22 of 2nd period
Chris Brown and Brad Winchester fight to a draw at 11:50 of 2nd period
Ryan Reaves and Frazer McLaren fight to a draw at 12:05 of 2nd period
Kevin Lynch beats up Andrew Desjardins at 2:42 of 3rd period
Andrew Desjardins ejected from game at 2:42 of 3rd period
Ryan Reaves and Frazer McLaren fight to a draw at 2:50 of 3rd period
Ryan Reaves ejected from game at 2:50 of 3rd period
Frazer McLaren ejected from game at 2:50 of 3rd period
Frazer McLaren from Admirals NSH is suspended for 3 game(s)

Finance

Level 1 -- Attendance: 1419 (70.95%) -- Ticket Income $35,475
Level 2 -- Attendance: 698 (69.80%) -- Ticket Income $5,584
Total Attendance: 2117 (70.57%)
Total Ticket Income: $41,059
Other Income: $20,119
Total Income: $61,178

Admirals NSH

5 vs 5 Forward 
   Center                   Left Wing                Right Wing               Time % Phy DF OF 
 1 Andrew Desjardins        Mike Blunden             Brody Sutter             27     1   2  2  
 2 Brad Winchester          Pierre-Cedric Labrie     Michael Pelech           27     1   2  2  
 3 Wade Megan               Paul Bissonnette         Frazer McLaren           27     1   2  2  
 4 Jamie Wise               Allan McPherson          Andrew Desjardins        19     1   2  2  

5 vs 5 Defense 
   Defense                  Defense                                           Time % Phy DF OF 
 1 Tim Gleason              Victor Bartley                                    27     1   2  2  
 2 Nikita Nesterov          Fredrik Claesson                                  27     1   2  2  
 3 Oliver Lauridsen         Frederic St. Denis                                27     1   2  2  
 4 Cameron Schilling        Tim Gleason                                       19     1   2  2  

PowerPlay Forward 
   Center                   Left Wing                Right Wing               Time % Phy DF OF 
 1 Andrew Desjardins        Mike Blunden             Brody Sutter             60     1   2  2  
 2 Brad Winchester          Pierre-Cedric Labrie     Michael Pelech           40     1   2  2  

PowerPlay Defense
   Defense                  Defense                                           Time % Phy DF OF 
 1 Tim Gleason              Victor Bartley                                    60     1   2  2  
 2 Fredrik Claesson         Nikita Nesterov                                   40     1   2  2  

Penalty Kill 4 Players Forward 
   Center                   Wing                     Time % Phy DF OF 
 1 Andrew Desjardins        Mike Blunden             60     1   2  2  
 2 Brody Sutter             Paul Bissonnette         40     1   2  2  

Penalty Kill 4 Players Defense
   Defense                  Defense                  Time % Phy DF OF 
 1 Tim Gleason              Victor Bartley           60     1   2  2  
 2 Frederic St. Denis       Fredrik Claesson         40     1   2  2  

Penalty Kill - 3 Players Forward 
   Forward                                           Time % Phy DF OF 
 1 Andrew Desjardins                                 60     1   2  2  
 2 Jamie Wise                                        40     1   2  2  

Penalty Kill - 3 Players Defense
   Defense                  Defense                  Time % Phy DF OF 
 1 Tim Gleason              Nikita Nesterov          60     1   2  2  
 2 Oliver Lauridsen         Victor Bartley           40     1   2  2  

4 vs 4 Forward 
   Center                   Wing                     Time % Phy DF OF 
 1 Andrew Desjardins        Brody Sutter             60     1   2  2  
 2 Mike Blunden             Wade Megan               40     1   2  2  

4 vs 4 Defense
   Defense                  Defense                  Time % Phy DF OF 
 1 Victor Bartley           Tim Gleason              60     1   2  2  
 2 Cameron Schilling        Oliver Lauridsen         40     1   2  2  

Last Minutes Offensive
   Center                   Left Wing                Right Wing               Defense                  Defense                  
   Andrew Desjardins        Mike Blunden             Brody Sutter             Tim Gleason              Victor Bartley           

Last Minutes Defensive
   Center                   Left Wing                Right Wing               Defense                  Defense                  
   Andrew Desjardins        Mike Blunden             Brody Sutter             Tim Gleason              Victor Bartley           

Goaltenders
Starting : Chad Johnson             
Backup : Johan Gustafsson         

Extra Forwards
Normal : Frazer McLaren, Andrew Desjardins, Mike Blunden - PP : Brody Sutter, Brad Winchester - PK : Allan McPherson
Extra Defensemen
Normal : Frederic St. Denis, Cameron Schilling, Tim Gleason - PP : Victor Bartley - PK : Nikita Nesterov, Tim Gleason
Penalty Shots
Frazer McLaren, Andrew Desjardins, Mike Blunden, Brody Sutter, Brad Winchester

Wolves

5 vs 5 Forward 
   Center                   Left Wing                Right Wing               Time % Phy DF OF 
 1 Joe Vitale               Blair Jones              Ryan Reaves              35     1   2  2  
 2 Colton Sissons           Joe Whitney              Brian O'Neill            30     1   2  2  
 3 Chris Brown              Sebastian Wannstrom      Evan Rankin              22     1   2  2  
 4 Kevin Lynch              Josh Anderson            Scott Kosmachuk          13     1   2  2  

5 vs 5 Defense 
   Defense                  Defense                                           Time % Phy DF OF 
 1 Andre Benoit             Matt Donovan                                      35     1   2  2  
 2 Joe Piskula              Eric Baier                                        30     1   2  2  
 3 Kevin Gagne              Zach Miskovic                                     22     1   2  2  
 4 Andre Benoit             Matt Donovan                                      13     1   2  2  

PowerPlay Forward 
   Center                   Left Wing                Right Wing               Time % Phy DF OF 
 1 Joe Vitale               Blair Jones              Ryan Reaves              60     1   2  2  
 2 Colton Sissons           Joe Whitney              Brian O'Neill            40     1   2  2  

PowerPlay Defense
   Defense                  Defense                                           Time % Phy DF OF 
 1 Andre Benoit             Matt Donovan                                      60     1   2  2  
 2 Joe Piskula              Eric Baier                                        40     1   2  2  

Penalty Kill 4 Players Forward 
   Center                   Wing                     Time % Phy DF OF 
 1 Joe Vitale               Ryan Reaves              60     1   2  2  
 2 Colton Sissons           Brian O'Neill            40     1   2  2  

Penalty Kill 4 Players Defense
   Defense                  Defense                  Time % Phy DF OF 
 1 Andre Benoit             Matt Donovan             60     1   2  2  
 2 Joe Piskula              Eric Baier               40     1   2  2  

Penalty Kill - 3 Players Forward 
   Forward                                           Time % Phy DF OF 
 1 Joe Vitale                                        60     1   2  2  
 2 Ryan Reaves                                       40     1   2  2  

Penalty Kill - 3 Players Defense
   Defense                  Defense                  Time % Phy DF OF 
 1 Andre Benoit             Matt Donovan             60     1   2  2  
 2 Joe Piskula              Eric Baier               40     1   2  2  

4 vs 4 Forward 
   Center                   Wing                     Time % Phy DF OF 
 1 Joe Vitale               Ryan Reaves              60     1   2  2  
 2 Colton Sissons           Brian O'Neill            40     1   2  2  

4 vs 4 Defense
   Defense                  Defense                  Time % Phy DF OF 
 1 Andre Benoit             Matt Donovan             60     1   2  2  
 2 Joe Piskula              Eric Baier               40     1   2  2  

Last Minutes Offensive
   Center                   Left Wing                Right Wing               Defense                  Defense                  
   Joe Vitale               Blair Jones              Ryan Reaves              Andre Benoit             Matt Donovan             

Last Minutes Defensive
   Center                   Left Wing                Right Wing               Defense                  Defense                  
   Joe Vitale               Blair Jones              Ryan Reaves              Andre Benoit             Matt Donovan             

Goaltenders
Starting : Evgeni Nabokov           
Backup : Jared Coreau             

Extra Forwards
Normal : Chris Brown, Evan Rankin, Scott Kosmachuk - PP : Chris Brown, Evan Rankin - PK : Scott Kosmachuk
Extra Defensemen
Normal : Kevin Gagne, Zach Miskovic, Joe Piskula - PP : Kevin Gagne - PK : Zach Miskovic, Joe Piskula
Penalty Shots
Joe Vitale, Ryan Reaves, Colton Sissons, Brian O'Neill, Blair Jones

% Time on Ice - Admirals NSH

Lines # - Real PCT - Wanted PCT - Time Play
Normal Forward
1 - 24% - 27% - 10:59
2 - 26% - 27% - 11:42
3 - 33% - 27% - 15:10
4 - 17% - 19% - 7:50
Normal Defense
1 - 21% - 27% - 9:33
2 - 30% - 27% - 13:50
3 - 30% - 27% - 13:42
4 - 18% - 19% - 8:20
PP Forward
1 - 62% - 60% - 5:10
2 - 38% - 40% - 3:12
PP Defense
1 - 62% - 60% - 5:20
2 - 38% - 40% - 3:18
PK Forward
1 - 77% - 60% - 4:36
2 - 23% - 40% - 1:21
PK Defense
1 - 45% - 60% - 2:42
2 - 55% - 40% - 3:15
PK3 Forward
1 - 0% - 60%
2 - 0% - 40%
PK3 Defense
1 - 0% - 60%
2 - 0% - 40%
44 Forward
1 - 0% - 60%
2 - 0% - 40%
44 Defense
1 - 0% - 60%
2 - 0% - 40%
Last Minute Offensive  - 0:00
Last Minute Defensive  - 0:00
Total
Forward - 60:00
Defense - 60:00

% Time on Ice - Wolves

Lines # - Real PCT - Wanted PCT - Time Play
Normal Forward
1 - 27% - 35% - 12:23
2 - 28% - 30% - 12:44
3 - 23% - 22% - 10:21
4 - 22% - 13% - 9:57
Normal Defense
1 - 25% - 35% - 11:21
2 - 52% - 30% - 23:58
3 - 19% - 22% - 8:31
4 - 5% - 13% - 2:06
PP Forward
1 - 54% - 60% - 3:13
2 - 46% - 40% - 2:44
PP Defense
1 - 22% - 60% - 1:18
2 - 78% - 40% - 4:39
PK Forward
1 - 97% - 60% - 8:22
2 - 3% - 40% - 0:16
PK Defense
1 - 7% - 60% - 0:33
2 - 93% - 40% - 7:34
PK3 Forward
1 - 0% - 60%
2 - 0% - 40%
PK3 Defense
1 - 0% - 60%
2 - 0% - 40%
44 Forward
1 - 0% - 60%
2 - 0% - 40%
44 Defense
1 - 0% - 60%
2 - 0% - 40%
Last Minute Offensive  - 0:00
Last Minute Defensive  - 0:00
Total
Forward - 60:00
Defense - 60:00

Play by Play

1st period


0:01 of 1st period - Andrew Desjardins wins face-off versus Joe Vitale in neutral zone.
0:16 of 1st period - Slapshot by Andre Benoit.
0:16 of 1st period - Shot Blocked by Victor Bartley.
0:18 of 1st period - Slapshot by Matt Donovan.
0:18 of 1st period - Shot Blocked by Tim Gleason.
0:52 of 1st period - Victor Bartley is hit by Andre Benoit and loses puck.
1:07 of 1st period - Brian O'Neill is hit by Pierre-Cedric Labrie and loses puck.
1:18 of 1st period - Slapshot by Joe Whitney.
1:18 of 1st period - Shot Misses the Net.
1:30 of 1st period - Sebastian Wannstrom is hit by Frazer McLaren and loses puck.
1:34 of 1st period - Icing by Zach Miskovic.
1:35 of 1st period - Chris Brown wins face-off versus Wade Megan in Wolves zone.
1:56 of 1st period - Off-side.
1:57 of 1st period - Jamie Wise wins face-off versus Kevin Lynch in neutral zone.
2:04 of 1st period - Slapshot by Josh Anderson.
2:04 of 1st period - Stopped by Chad Johnson with a rebound.
2:06 of 1st period - Wrist shot by Kevin Lynch.
2:06 of 1st period - Shot Misses the Net.
2:08 of 1st period - Snap shot by Eric Baier.
2:08 of 1st period - Shot Misses the Net.
2:27 of 1st period - Andrew Desjardins beats up Eric Baier.
2:27 of 1st period - Penalty to Eric Baier for Fighting.
2:27 of 1st period - Penalty to Andrew Desjardins for Fighting.
2:27 of 1st period - Penalty to Andrew Desjardins for instigated a fight.
2:27 of 1st period - Penalty to Andrew Desjardins for instigated a fight.
2:28 of 1st period - Joe Vitale wins face-off versus Allan McPherson in Admirals NSH zone.
2:35 of 1st period - Slapshot by Blair Jones.
2:35 of 1st period - Shot Misses the Net.
2:37 of 1st period - Snap shot by Blair Jones.
2:37 of 1st period - Stopped by Chad Johnson with a rebound.
2:41 of 1st period - Snap shot by Ryan Reaves.
2:41 of 1st period - Shot Blocked by Victor Bartley.
2:43 of 1st period - Slapshot by Matt Donovan.
2:43 of 1st period - Shot Misses the Net.
3:44 of 1st period - Fredrik Claesson is hit by Colton Sissons and loses puck.
4:22 of 1st period - Off-side.
4:23 of 1st period - Colton Sissons wins face-off versus Paul Bissonnette in neutral zone.
4:25 of 1st period - Off-side.
4:26 of 1st period - Brody Sutter wins face-off versus Colton Sissons in neutral zone.
4:27 of 1st period - Penalty to Andrew Desjardins is over, Brad Winchester is send on ice.
5:09 of 1st period - Michael Pelech is hit by Joe Piskula and loses puck.
5:17 of 1st period - Brad Winchester beats up Joe Piskula.
5:17 of 1st period - Penalty to Joe Piskula for Fighting.
5:17 of 1st period - Penalty to Brad Winchester for Fighting.
5:18 of 1st period - Wade Megan wins face-off versus Joe Vitale in Wolves zone.
5:31 of 1st period - Slapshot by Nikita Nesterov.
5:31 of 1st period - Deflect By Paul Bissonnette.
5:31 of 1st period - Shot Misses the Net.
5:31 of 1st period - Puck is out of play.
5:32 of 1st period - Wade Megan wins face-off versus Blair Jones in Wolves zone.
5:33 of 1st period - Slapshot by Nikita Nesterov.
5:33 of 1st period - Deflect By Wade Megan.
5:33 of 1st period - Stopped by Evgeni Nabokov with a rebound.
5:35 of 1st period - Slapshot by Fredrik Claesson.
5:35 of 1st period - Shot Blocked by Joe Vitale.
5:37 of 1st period - Wrist shot by Frazer McLaren.
5:37 of 1st period - Shot Misses the Net.
5:39 of 1st period - Wrist shot by Wade Megan.
5:39 of 1st period - Stopped by Evgeni Nabokov without a rebound.
5:40 of 1st period - Frazer McLaren wins face-off versus Colton Sissons in Wolves zone.
6:30 of 1st period - Matt Donovan is hit by Michael Pelech and loses puck.
6:46 of 1st period - Minor Penalty to Michael Pelech for Hooking.
6:47 of 1st period - Joe Vitale wins face-off versus Allan McPherson in Admirals NSH zone.
6:56 of 1st period - Wrist shot by Blair Jones.
6:56 of 1st period - Stopped by Chad Johnson with a rebound.
7:27 of 1st period - Penalty to Andrew Desjardins is over, Mike Blunden is send on ice.
8:08 of 1st period - Tim Gleason is hit by Ryan Reaves and loses puck.
8:15 of 1st period - Snap shot by Ryan Reaves.
8:15 of 1st period - Shot Misses the Net.
8:17 of 1st period - Slapshot by Matt Donovan.
8:17 of 1st period - Stopped by Chad Johnson with a rebound.
8:35 of 1st period - Eric Baier is hit by Tim Gleason and loses puck.
8:46 of 1st period - Penalty to Michael Pelech is over, Michael Pelech is back on ice.
9:36 of 1st period - Icing by Pierre-Cedric Labrie.
9:37 of 1st period - Kevin Lynch wins face-off versus Wade Megan in Admirals NSH zone.
10:02 of 1st period - Wrist shot by Josh Anderson.
10:02 of 1st period - Shot Misses the Net.
10:08 of 1st period - Wrist shot by Andre Benoit.
10:08 of 1st period - Stopped by Chad Johnson with a rebound.
10:35 of 1st period - Icing by Andre Benoit.
10:36 of 1st period - Michael Pelech wins face-off versus Joe Vitale in Wolves zone.
10:37 of 1st period - Wrist shot by Nikita Nesterov.
10:37 of 1st period - Stopped by Evgeni Nabokov with a rebound.
10:43 of 1st period - Minor Penalty to Ryan Reaves for Roughing.
10:44 of 1st period - Brad Winchester wins face-off versus Scott Kosmachuk in Wolves zone.
12:09 of 1st period - Slapshot by Nikita Nesterov.
12:09 of 1st period - Stopped by Evgeni Nabokov without a rebound.
12:10 of 1st period - Joe Vitale wins face-off versus Brad Winchester in Wolves zone.
12:43 of 1st period - Penalty to Ryan Reaves is over, Ryan Reaves is back on ice.
12:50 of 1st period - Chris Brown is hit by Brody Sutter.
13:20 of 1st period - Wrist shot by Paul Bissonnette.
13:20 of 1st period - Shot Misses the Net.
13:22 of 1st period - Slapshot by Frederic St. Denis.
13:22 of 1st period - Shot Blocked by Zach Miskovic.
13:24 of 1st period - Slapshot by Oliver Lauridsen.
13:24 of 1st period - Deflect By Chris Brown.
13:24 of 1st period - Stopped by Evgeni Nabokov with a rebound.
13:38 of 1st period - Snap shot by Paul Bissonnette.
13:38 of 1st period - Deflect By Wade Megan.
13:38 of 1st period - Stopped by Evgeni Nabokov with a rebound.
15:09 of 1st period - Fredrik Claesson is hit by Kevin Lynch and loses puck.
15:16 of 1st period - Wrist shot by Josh Anderson.
15:16 of 1st period - Shot Misses the Net.
15:18 of 1st period - Slapshot by Eric Baier.
15:18 of 1st period - Stopped by Chad Johnson without a rebound.
15:19 of 1st period - Ryan Reaves wins face-off versus Brad Winchester in Admirals NSH zone.
16:19 of 1st period - Cameron Schilling is hit by Brian O'Neill and loses puck.
16:36 of 1st period - Snap shot by Josh Anderson.
16:36 of 1st period - Deflect By Scott Kosmachuk.
16:36 of 1st period - Stopped by Chad Johnson with a rebound.
17:00 of 1st period - Tim Gleason is hit by Josh Anderson and loses puck.
17:27 of 1st period - 10 Minutes Misconduct Penalty to Andrew Desjardins is over.
17:33 of 1st period - Andre Benoit is hit by Brody Sutter and loses puck.
18:20 of 1st period - Wrist shot by Andrew Desjardins.
18:20 of 1st period - Shot Blocked by Zach Miskovic.
18:27 of 1st period - Off-side.
18:28 of 1st period - Wade Megan wins face-off versus Kevin Lynch in neutral zone.
18:35 of 1st period - Snap shot by Nikita Nesterov.
18:35 of 1st period - Shot Misses the Net.
18:37 of 1st period - Slapshot by Nikita Nesterov.
18:37 of 1st period - Deflect By Wade Megan.
18:37 of 1st period - Shot Blocked by Joe Piskula.
18:37 of 1st period - Puck is out of play.
18:38 of 1st period - Kevin Lynch wins face-off versus Wade Megan in Wolves zone.
18:57 of 1st period - Snap shot by Josh Anderson.
18:57 of 1st period - Stopped by Chad Johnson with a rebound.
19:13 of 1st period - Andrew Desjardins is hit by Joe Vitale and loses puck.
19:41 of 1st period - Ryan Reaves is hit by Mike Blunden and loses puck.
Goals for this period are 0 for Admirals NSH vs 0 for Wolves.
Shots for this period are 6 for Admirals NSH vs 8 for Wolves.

2nd period


0:01 of 2nd period - Joe Vitale wins face-off versus Brad Winchester in neutral zone.
1:12 of 2nd period - Eric Baier is hit by Mike Blunden and loses puck.
1:13 of 2nd period - Eric Baier from Wolves is injured at 1:13 of 2nd period (Left Hip).
1:14 of 2nd period - Joe Vitale wins face-off versus Wade Megan in Wolves zone.
1:41 of 2nd period - Slapshot by Andre Benoit.
1:41 of 2nd period - Stopped by Chad Johnson with a rebound.
1:43 of 2nd period - Slapshot by Andre Benoit.
1:43 of 2nd period - Deflect By Ryan Reaves.
1:43 of 2nd period - Stopped by Chad Johnson with a rebound.
1:48 of 2nd period - Ryan Reaves and Frazer McLaren fight to a draw.
1:48 of 2nd period - Penalty to Ryan Reaves for Fighting.
1:48 of 2nd period - Penalty to Frazer McLaren for Fighting.
1:49 of 2nd period - Brad Winchester wins face-off versus Colton Sissons in Admirals NSH zone.
1:51 of 2nd period - Colton Sissons and Pierre-Cedric Labrie fight to a draw.
1:51 of 2nd period - Penalty to Colton Sissons for Fighting.
1:51 of 2nd period - Penalty to Pierre-Cedric Labrie for Fighting.
1:52 of 2nd period - Brad Winchester wins face-off versus Joe Vitale in neutral zone.
1:57 of 2nd period - Joe Vitale is hit by Michael Pelech and loses puck.
2:03 of 2nd period - Icing by Kevin Gagne.
2:04 of 2nd period - Brad Winchester wins face-off versus Blair Jones in Wolves zone.
2:11 of 2nd period - Joe Vitale is hit by Andrew Desjardins and loses puck.
2:54 of 2nd period - Joe Piskula is hit by Tim Gleason and loses puck.
3:08 of 2nd period - Joe Piskula and Mike Blunden fight to a draw.
3:08 of 2nd period - Penalty to Joe Piskula for Fighting.
3:08 of 2nd period - Penalty to Mike Blunden for Fighting.
3:09 of 2nd period - Wade Megan wins face-off versus Chris Brown in Wolves zone.
3:22 of 2nd period - Snap shot by Brian O'Neill.
3:22 of 2nd period - Shot Blocked by Andrew Desjardins.
3:40 of 2nd period - Andrew Desjardins is hit by Chris Brown and loses puck.
3:53 of 2nd period - Snap shot by Brad Winchester.
3:53 of 2nd period - Shot Misses the Net.
4:08 of 2nd period - Evan Rankin is hit by Brad Winchester and loses puck.
4:47 of 2nd period - Wrist shot by Tim Gleason.
4:47 of 2nd period - Stopped by Evgeni Nabokov with a rebound.
5:08 of 2nd period - Slapshot by Tim Gleason.
5:08 of 2nd period - Shot Misses the Net.
6:09 of 2nd period - Victor Bartley is hit by Matt Donovan and loses puck.
6:54 of 2nd period - Joe Whitney is hit by Frazer McLaren and loses puck.
7:05 of 2nd period - Snap shot by Nikita Nesterov.
7:05 of 2nd period - Deflect By Brody Sutter.
7:05 of 2nd period - Shot Hit the Post.
7:05 of 2nd period - Puck is out of play.
7:06 of 2nd period - Blair Jones wins face-off versus Andrew Desjardins in Wolves zone.
7:19 of 2nd period - Slapshot by Frederic St. Denis.
7:19 of 2nd period - Shot Blocked by Chris Brown.
7:27 of 2nd period - Slapshot by Frederic St. Denis.
7:27 of 2nd period - Deflect By Allan McPherson.
7:27 of 2nd period - Shot Blocked by Andre Benoit.
7:27 of 2nd period - Puck is out of play.
7:28 of 2nd period - Frazer McLaren wins face-off versus Chris Brown in Wolves zone.
8:17 of 2nd period - Zach Miskovic is hit by Frederic St. Denis.
9:26 of 2nd period - Slapshot by Nikita Nesterov.
9:26 of 2nd period - Stopped by Evgeni Nabokov without a rebound.
9:27 of 2nd period - Chris Brown wins face-off versus Jamie Wise in Wolves zone.
9:51 of 2nd period - Snap shot by Evan Rankin.
9:51 of 2nd period - Stopped by Chad Johnson without a rebound.
9:52 of 2nd period - Kevin Lynch wins face-off versus Brad Winchester in Admirals NSH zone.
9:59 of 2nd period - Snap shot by Scott Kosmachuk.
9:59 of 2nd period - Stopped by Chad Johnson with a rebound.
10:07 of 2nd period - Snap shot by Brad Winchester.
10:07 of 2nd period - Stopped by Evgeni Nabokov without a rebound.
10:08 of 2nd period - Brad Winchester wins face-off versus Kevin Lynch in Wolves zone.
10:22 of 2nd period - Joe Piskula and Andrew Desjardins fight to a draw.
10:22 of 2nd period - Penalty to Joe Piskula for Fighting.
10:22 of 2nd period - Joe Piskula is ejected from game.
10:22 of 2nd period - Penalty to Andrew Desjardins for Fighting.
10:23 of 2nd period - Wade Megan wins face-off versus Joe Vitale in Admirals NSH zone.
11:08 of 2nd period - Andre Benoit is hit by Allan McPherson and loses puck.
11:31 of 2nd period - Wrist shot by Mike Blunden.
11:31 of 2nd period - Goal by Mike Blunden - Admirals NSH : 1 - Wolves : 0.
11:32 of 2nd period - Evan Rankin wins face-off versus Brad Winchester in neutral zone.
11:37 of 2nd period - Oliver Lauridsen is hit by Chris Brown and loses puck.
11:50 of 2nd period - Chris Brown and Brad Winchester fight to a draw.
11:50 of 2nd period - Penalty to Chris Brown for Fighting.
11:50 of 2nd period - Penalty to Brad Winchester for Fighting.
11:51 of 2nd period - Jamie Wise wins face-off versus Joe Vitale in Admirals NSH zone.
12:05 of 2nd period - Ryan Reaves and Frazer McLaren fight to a draw.
12:05 of 2nd period - Penalty to Ryan Reaves for Fighting.
12:05 of 2nd period - Penalty to Frazer McLaren for Fighting.
12:06 of 2nd period - Blair Jones wins face-off versus Mike Blunden in Admirals NSH zone.
12:27 of 2nd period - Allan McPherson is hit by Joe Vitale and loses puck.
12:40 of 2nd period - Joe Vitale is hit by Jamie Wise and loses puck.
13:04 of 2nd period - Slapshot by Pierre-Cedric Labrie.
13:04 of 2nd period - Shot Misses the Net.
13:06 of 2nd period - Snap shot by Nikita Nesterov.
13:06 of 2nd period - Stopped by Evgeni Nabokov with a rebound.
13:08 of 2nd period - Snap shot by Pierre-Cedric Labrie.
13:08 of 2nd period - Shot Misses the Net.
13:10 of 2nd period - Snap shot by Pierre-Cedric Labrie.
13:10 of 2nd period - Stopped by Evgeni Nabokov with a rebound.
13:29 of 2nd period - Snap shot by Mike Blunden.
13:29 of 2nd period - Shot Misses the Net.
13:31 of 2nd period - Backhand shot by Oliver Lauridsen.
13:31 of 2nd period - Stopped by Evgeni Nabokov with a rebound.
13:33 of 2nd period - Slapshot by Oliver Lauridsen.
13:33 of 2nd period - Stopped by Evgeni Nabokov with a rebound.
13:35 of 2nd period - Slapshot by Oliver Lauridsen.
13:35 of 2nd period - Shot Blocked by Andre Benoit.
14:31 of 2nd period - Minor Penalty to Josh Anderson for Hooking.
14:32 of 2nd period - Joe Vitale wins face-off versus Allan McPherson in Wolves zone.
14:32 of 2nd period - Joe Vitale is hit by Mike Blunden.
14:48 of 2nd period - Snap shot by Blair Jones.
14:48 of 2nd period - Shot Blocked by Tim Gleason.
16:31 of 2nd period - Penalty to Josh Anderson is over, Josh Anderson is back on ice.
16:33 of 2nd period - Snap shot by Andrew Desjardins.
16:33 of 2nd period - Shot Misses the Net.
16:35 of 2nd period - Slapshot by Nikita Nesterov.
16:35 of 2nd period - Deflect By Andrew Desjardins.
16:35 of 2nd period - Stopped by Evgeni Nabokov with a rebound.
16:37 of 2nd period - Wrist shot by Michael Pelech.
16:37 of 2nd period - Shot Misses the Net.
17:17 of 2nd period - Snap shot by Chris Brown.
17:17 of 2nd period - Deflect By Evan Rankin.
17:17 of 2nd period - Stopped by Chad Johnson with a rebound.
17:31 of 2nd period - Wade Megan is hit by Brian O'Neill and loses puck.
18:00 of 2nd period - Colton Sissons is hit by Brad Winchester.
18:18 of 2nd period - Frederic St. Denis is hit by Blair Jones and loses puck.
18:42 of 2nd period - Wrist shot by Evan Rankin.
18:42 of 2nd period - Deflect By Chris Brown.
18:42 of 2nd period - Shot Blocked by Frederic St. Denis.
18:42 of 2nd period - Puck is out of play.
18:43 of 2nd period - Allan McPherson wins face-off versus Chris Brown in Admirals NSH zone.
18:47 of 2nd period - Off-side.
18:48 of 2nd period - Allan McPherson wins face-off versus Kevin Lynch in neutral zone.
18:53 of 2nd period - Wrist shot by Mike Blunden.
18:53 of 2nd period - Stopped by Evgeni Nabokov with a rebound.
19:05 of 2nd period - Slapshot by Victor Bartley.
19:05 of 2nd period - Deflect By Andre Benoit.
19:05 of 2nd period - Stopped by Evgeni Nabokov with a rebound.
19:27 of 2nd period - Snap shot by Tim Gleason.
19:27 of 2nd period - Stopped by Evgeni Nabokov without a rebound.
19:28 of 2nd period - Brad Winchester wins face-off versus Chris Brown in Wolves zone.
19:39 of 2nd period - Oliver Lauridsen is hit by Kevin Gagne and loses puck.
Goals for this period are 1 for Admirals NSH vs 0 for Wolves.
Shots for this period are 12 for Admirals NSH vs 5 for Wolves.

3rd period


0:01 of 3rd period - Joe Vitale wins face-off versus Andrew Desjardins in neutral zone.
0:23 of 3rd period - Wrist shot by Andrew Desjardins.
0:23 of 3rd period - Shot Misses the Net.
0:37 of 3rd period - Snap shot by Mike Blunden.
0:37 of 3rd period - Shot Misses the Net.
1:39 of 3rd period - Slapshot by Chris Brown.
1:39 of 3rd period - Shot Misses the Net.
1:54 of 3rd period - Wrist shot by Wade Megan.
1:54 of 3rd period - Stopped by Evgeni Nabokov with a rebound.
2:00 of 3rd period - Oliver Lauridsen is hit by Sebastian Wannstrom and loses puck.
2:42 of 3rd period - Kevin Lynch beats up Andrew Desjardins.
2:42 of 3rd period - Penalty to Kevin Lynch for Fighting.
2:42 of 3rd period - Penalty to Andrew Desjardins for Fighting.
2:42 of 3rd period - Andrew Desjardins is ejected from game.
2:43 of 3rd period - Frazer McLaren wins face-off versus Ryan Reaves in neutral zone.
2:46 of 3rd period - Joe Vitale is hit by Cameron Schilling.
2:50 of 3rd period - Ryan Reaves and Frazer McLaren fight to a draw.
2:50 of 3rd period - Penalty to Ryan Reaves for Fighting.
2:50 of 3rd period - Ryan Reaves is ejected from game.
2:50 of 3rd period - Penalty to Frazer McLaren for Fighting.
2:50 of 3rd period - Frazer McLaren is ejected from game.
2:51 of 3rd period - Joe Vitale wins face-off versus Jamie Wise in Wolves zone.
2:51 of 3rd period - Joe Vitale is hit by Allan McPherson.
3:05 of 3rd period - Mike Blunden is hit by Blair Jones and loses puck.
3:12 of 3rd period - Snap shot by Blair Jones.
3:12 of 3rd period - Deflect By Joe Vitale.
3:12 of 3rd period - Stopped by Chad Johnson with a rebound.
3:26 of 3rd period - Snap shot by Blair Jones.
3:26 of 3rd period - Stopped by Chad Johnson with a rebound.
3:48 of 3rd period - Snap shot by Brian O'Neill.
3:48 of 3rd period - Shot Blocked by Cameron Schilling.
3:54 of 3rd period - Snap shot by Colton Sissons.
3:54 of 3rd period - Stopped by Chad Johnson with a rebound.
4:00 of 3rd period - Snap shot by Colton Sissons.
4:00 of 3rd period - Stopped by Chad Johnson with a rebound.
4:02 of 3rd period - Slapshot by Kevin Gagne.
4:02 of 3rd period - Deflect By Mike Blunden.
4:02 of 3rd period - Stopped by Chad Johnson with a rebound.
4:04 of 3rd period - Slapshot by Colton Sissons.
4:04 of 3rd period - Stopped by Chad Johnson with a rebound.
4:06 of 3rd period - Wrist shot by Colton Sissons.
4:06 of 3rd period - Shot Blocked by Cameron Schilling.
4:08 of 3rd period - Snap shot by Colton Sissons.
4:08 of 3rd period - Shot Hit the Post.
4:46 of 3rd period - Slapshot by Michael Pelech.
4:46 of 3rd period - Shot Misses the Net.
4:48 of 3rd period - Snap shot by Fredrik Claesson.
4:48 of 3rd period - Shot Misses the Net.
5:12 of 3rd period - Andre Benoit is hit by Brad Winchester and loses puck.
5:31 of 3rd period - Slapshot by Andre Benoit.
5:31 of 3rd period - Shot Blocked by Nikita Nesterov.
5:33 of 3rd period - Snap shot by Joe Vitale.
5:33 of 3rd period - Stopped by Chad Johnson with a rebound.
5:43 of 3rd period - Brad Winchester is hit by Colton Sissons and loses puck.
5:56 of 3rd period - Mike Blunden is hit by Brian O'Neill and loses puck.
6:37 of 3rd period - Minor Penalty to Joe Whitney for Hooking.
6:38 of 3rd period - Joe Vitale wins face-off versus Allan McPherson in Wolves zone.
6:50 of 3rd period - Off-side.
6:51 of 3rd period - Allan McPherson wins face-off versus Joe Vitale in neutral zone.
7:37 of 3rd period - Mike Blunden is hit by Joe Vitale and loses puck.
7:42 of 3rd period - Penalty to Kevin Lynch is over, Kevin Lynch is back on ice.
7:54 of 3rd period - Slapshot by Nikita Nesterov.
7:54 of 3rd period - Goal by Nikita Nesterov - Admirals NSH : 2 - Wolves : 0.
7:55 of 3rd period - Chris Brown wins face-off versus Wade Megan in neutral zone.
9:05 of 3rd period - Slapshot by Victor Bartley.
9:05 of 3rd period - Deflect By Brody Sutter.
9:05 of 3rd period - Stopped by Evgeni Nabokov without a rebound.
9:06 of 3rd period - Brody Sutter wins face-off versus Josh Anderson in Wolves zone.
9:27 of 3rd period - Wrist shot by Andre Benoit.
9:27 of 3rd period - Shot Misses the Net.
9:32 of 3rd period - Double Minor Penalty to Josh Anderson for Roughing.
9:33 of 3rd period - Joe Vitale wins face-off versus Allan McPherson in Wolves zone.
10:46 of 3rd period - Snap shot by Nikita Nesterov.
10:46 of 3rd period - Shot Misses the Net.
10:48 of 3rd period - Slapshot by Victor Bartley.
10:48 of 3rd period - Stopped by Evgeni Nabokov with a rebound.
10:50 of 3rd period - Slapshot by Tim Gleason.
10:50 of 3rd period - Shot Misses the Net.
10:52 of 3rd period - Slapshot by Tim Gleason.
10:52 of 3rd period - Deflect By Andre Benoit.
10:52 of 3rd period - Stopped by Evgeni Nabokov without a rebound.
10:53 of 3rd period - Allan McPherson wins face-off versus Joe Vitale in Wolves zone.
11:06 of 3rd period - Backhand shot by Tim Gleason.
11:06 of 3rd period - Stopped by Evgeni Nabokov with a rebound.
11:44 of 3rd period - Kevin Gagne is hit by Mike Blunden.
12:24 of 3rd period - Wade Megan is hit by Colton Sissons and loses puck.
12:31 of 3rd period - Slapshot by Victor Bartley.
12:31 of 3rd period - Deflect By Michael Pelech.
12:31 of 3rd period - Stopped by Evgeni Nabokov without a rebound.
12:32 of 3rd period - Joe Vitale wins face-off versus Wade Megan in Wolves zone.
12:37 of 3rd period - Slapshot by Matt Donovan.
12:37 of 3rd period - Shot Misses the Net.
12:43 of 3rd period - Snap shot by Scott Kosmachuk.
12:43 of 3rd period - Goal by Scott Kosmachuk - Admirals NSH : 2 - Wolves : 1.
12:44 of 3rd period - Allan McPherson wins face-off versus Joe Vitale in neutral zone.
12:49 of 3rd period - Snap shot by Mike Blunden.
12:49 of 3rd period - Shot Misses the Net.
12:53 of 3rd period - Slapshot by Nikita Nesterov.
12:53 of 3rd period - Shot Blocked by Matt Donovan.
13:04 of 3rd period - Off-side.
13:05 of 3rd period - Allan McPherson wins face-off versus Joe Vitale in neutral zone.
13:16 of 3rd period - Slapshot by Victor Bartley.
13:16 of 3rd period - Deflect By Mike Blunden.
13:16 of 3rd period - Stopped by Evgeni Nabokov with a rebound.
13:18 of 3rd period - Slapshot by Victor Bartley.
13:18 of 3rd period - Shot Blocked by Joe Vitale.
13:20 of 3rd period - Slapshot by Victor Bartley.
13:20 of 3rd period - Shot Blocked by Scott Kosmachuk.
13:22 of 3rd period - Wrist shot by Mike Blunden.
13:22 of 3rd period - Stopped by Evgeni Nabokov without a rebound.
13:23 of 3rd period - Joe Vitale wins face-off versus Allan McPherson in Wolves zone.
13:32 of 3rd period - Penalty to Josh Anderson is over, Josh Anderson is back on ice.
13:32 of 3rd period - Victor Bartley is hit by Josh Anderson and loses puck.
14:24 of 3rd period - Off-side.
14:25 of 3rd period - Wade Megan wins face-off versus Chris Brown in neutral zone.
14:30 of 3rd period - Snap shot by Michael Pelech.
14:30 of 3rd period - Shot Misses the Net.
14:44 of 3rd period - Snap shot by Evan Rankin.
14:44 of 3rd period - Shot Misses the Net.
15:49 of 3rd period - Minor Penalty to Paul Bissonnette for Holding.
15:50 of 3rd period - Allan McPherson wins face-off versus Joe Vitale in Admirals NSH zone.
16:03 of 3rd period - Wrist shot by Chris Brown.
16:03 of 3rd period - Shot Blocked by Mike Blunden.
16:13 of 3rd period - Victor Bartley is hit by Blair Jones and loses puck.
16:24 of 3rd period - Fredrik Claesson is hit by Joe Whitney and loses puck.
16:51 of 3rd period - Fredrik Claesson is hit by Kevin Gagne and loses puck.
17:49 of 3rd period - Penalty to Paul Bissonnette is over, Paul Bissonnette is back on ice.
17:59 of 3rd period - Victor Bartley is hit by Zach Miskovic.
18:43 of 3rd period - Wade Megan is hit by Andre Benoit and loses puck.
18:50 of 3rd period - Slapshot by Blair Jones.
18:50 of 3rd period - Deflect By Nikita Nesterov.
18:50 of 3rd period - Stopped by Chad Johnson with a rebound.
19:03 of 3rd period - Minor Penalty to Zach Miskovic for Holding.
19:04 of 3rd period - Joe Vitale wins face-off versus Allan McPherson in Wolves zone.
19:17 of 3rd period - Snap shot by Mike Blunden.
19:17 of 3rd period - Goal by Mike Blunden - Admirals NSH : 3 - Wolves : 1.
19:18 of 3rd period - Allan McPherson wins face-off versus Evan Rankin in neutral zone.
Goals for this period are 2 for Admirals NSH vs 1 for Wolves.
Shots for this period are 10 for Admirals NSH vs 9 for Wolves.